 Dungeon Crawl Stone Soup version 0.25-a0-317-g5f8687bca5 (webtiles) character file.

Game seed: 7942992132713841844, levelgen mode: classic

436 Borgoz the Skirmisher (level 7, 0/44 HPs)
             Began as a Gargoyle Fighter on Dec 25, 2019.
             Killed from afar by an orc wizard (4 damage)
             ... with a magic dart
             ... on level 4 of the Dungeon.
             The game lasted 00:04:41 (3033 turns).

Borgoz the Skirmisher (Gargoyle Fighter)            Turns: 3033, Time: 00:04:42

Health: 0/44       AC: 13    Str: 19    XL:     7   Next: 1%
Magic:  7/7        EV: 13    Int:  9    God:
Gold:   206        SH:  0    Dex: 16    Spells: 6/6 levels left

rFire    . . .     SeeInvis .   a - +0 flail
rCold    . . .     Gourm    .   c - +0 shield
rNeg     + . .     Faith    .   b - +0 scale mail
rPois    ∞         Spirit   .   (no helmet)
rElec    +         Reflect  .   (no cloak)
rCorr    .         Harm     .   g - +0 pair of gloves
MR       .....                  (no boots)
Stlth    ++........             (no amulet)
HPRegen  0.14/turn              n - ring of stealth
MPRegen  0.10/turn              (no ring)

@: confused, agile, berserk cooldown, slowed, very slow
A: negative energy resistance 1, electricity resistance, unbreathing,
petrification resistance, rot immunity, AC +4
a: no special abilities


You were on level 4 of the Dungeon.
You were hungry.

You visited 1 branch of the dungeon, and saw 4 of its levels.

You collected 206 gold pieces.

Inventory:

Hand Weapons
 a - a +0 flail (weapon)
Armour
 b - a +0 scale mail (worn)
 c - a +0 shield (worn)
 g - a +0 pair of gloves (worn)
Jewellery
 n - a ring of stealth (left hand)
Wands
 i - a wand of iceblast (11)
Scrolls
 d - a scroll of enchant armour {unknown}
 e - a scroll of random uselessness {unknown}
 h - a scroll of enchant weapon {unknown}
 k - a scroll of identify {unknown}
 l - a scroll of amnesia {unknown}
 m - 2 scrolls of immolation {unknown}
 o - a scroll of magic mapping {unknown}
 r - 2 scrolls of teleportation {unknown}
Potions
 p - a potion of resistance
 t - a potion of curing {unknown}
 u - a potion of flight {unknown}
Comestibles
 f - 5 rations


   Skills:
 * Level 5.0 Fighting
 * Level 4.0 Maces & Flails
 * Level 5.0 Armour
 + Level 1.7 Dodging
 + Level 4.2 Shields


You had 6 spell levels left.
You didn't know any spells.
Your spell library was empty.

Dungeon Overview and Level Annotations

Branches:
Dungeon (4/15)
 Temple: D:4-7

Altars:
Cheibriados
Dithmenos
Kikubaaqudgha
Sif Muna
Vehumet


Innate Abilities, Weirdness & Mutations

You are resistant to torment.
Your stone body is resilient. (AC +4)
You are immune to poison.
You resist negative energy. (rN+)
You are resistant to electric shocks. (rElec)
You can survive without breathing.
You are immune to petrification.
You are immune to rotting.


Message History

You have reached level 7!
You feel a bit more experienced. Something hits you but does no damage.
Deactivating autopickup; reactivate with Ctrl-A.
You barely miss something. Something hits you but does no damage.
You miss something. Something hits you but does no damage.
You barely miss something.
You hear some strange, mumbled words.
You are confused.
You bump into the rock wall.
You're too confused to move!
You feel a strong urge to attack something.
Something hits you but does no damage.
You bump into the rock wall.
You are no longer berserk.
You are exhausted.
You feel yourself slow down.
You hear some strange, mumbled words.
A magic dart appears from out of thin air!
The magic dart hits you.
You die...

#.##....####.#....
#.##....>.........
#.##.....###+#....
#.###....#.....#..
#.# #....+.....+.. #
#.# #....#.....#..
#.##.######.#.....#..
#...){.# #.###.###..
####@#.# #.# #.# #..
#)#.# ##.###.###..
#.#.# #...........
#.#.# #...........
#.#.# #...........
#.#.# #...........
..#.# #...........
..# #...........
#...........


There were no monsters in sight!

Vanquished Creatures
  An ogre (D:4)
  3 orc priests
  An orc wizard (D:4)
  A worker ant (D:4)
  7 gnolls
  3 adders
  An ooze (D:1)
  5 worms
  2 dart slugs
  2 leopard geckos
  11 orcs
  5 bats
  6 giant cockroaches
  9 goblins
  11 hobgoblins
  3 jackals (D:2)
  10 kobolds
  2 quokkas
  4 frilled lizards
  A jackal skeleton (D:4)
  6 rats
94 creatures vanquished.

Notes
Turn   | Place    | Note
-------+----------+-------------------------------------------
     0 | D:1      | Borgoz the Gargoyle Fighter began the quest for the Orb.
     0 | D:1      | Reached XP level 1. HP: 14/14 MP: 1/1
   263 | D:1      | Reached XP level 2. HP: 19/19 MP: 2/2
   628 | D:1      | Reached XP level 3. HP: 21/23 MP: 3/3
  1016 | D:2      | Reached XP level 4. HP: 29/29 MP: 4/4
  1382 | D:2      | Reached skill level 1 in Dodging
  1412 | D:2      | Found a faded altar of an unknown god.
  1434 | D:2      | Reached XP level 5. HP: 30/33 MP: 5/5
  1578 | D:2      | Found a shadowy altar of Dithmenos.
  1579 | D:2      | Found a radiant altar of Vehumet.
  1901 | D:2      | Found an ancient bone altar of Kikubaaqudgha.
  1960 | D:3      | Found a snail-covered altar of Cheibriados.
  2365 | D:3      | Reached XP level 6. HP: 39/39 MP: 6/6
  2928 | D:4      | Found a shimmering blue altar of Sif Muna.
  3027 | D:4      | Reached skill level 5 in Fighting
  3027 | D:4      | Reached skill level 5 in Armour
  3027 | D:4      | Reached XP level 7. HP: 6/44 MP: 7/7
  3033 | D:4      | Killed from afar by an orc wizard

Levels and vault maps discovered:
D:1:      denvon_arrival_planthouse, layout_loops_ring,
          hangedman_decor_slide_cut
D:2:      cheibrodos_greedy_goblins, layout_rooms, marbit_many_paths,
          minitemple, chequers_ecumenical_altar_simple
D:3:      layout_loops_ring, kennysheep_slug_shrine, first_ration,
          hangedman_decor_push
D:4:      layout_basic, kennysheep_mini_moat

Skill      XL: |  1  2  3  4  5  6 |
---------------+-------------------+-----
Armour         | 4 5 |  5.0
Fighting       | 4 5 |  5.0
Maces & Flails | 3 4 |  4.0
Dodging        | 1 |  1.7
Shields        | 4 |  4.2

Action                   |  1- 3 |  4- 6 |  7- 9 || total
-------------------------+-------+-------+-------++-------
Melee: Flail             |   118 |   254 |     3 ||   375
  Use: Potion            |       |     6 |       ||     6
  Eat: Chunk             |     1 |     6 |       ||     7
Armor: Scale mail        |    69 |   176 |     2 ||   247
Dodge: Dodged            |    30 |   104 |       ||   134
Block: Shield            |    59 |   149 |       ||   208

Table legend:
 A = Non-vault XP
 B = Vault XP
 C = Vault XP percentage of total XP
 D = Non-vault monster count
 E = Vault monster count
 F = Vault count percentage of total count
                 A         B        C        D         E       F
            +---------+---------+-------+---------+---------+-------
      Total |     601 |      23 |   3.7 |      83 |      11 |  11.7
            +---------+---------+-------+---------+---------+-------
        D:1 |      41 |       0 |   0.0 |      20 |       0 |   0.0
        D:2 |     208 |      19 |   8.4 |      31 |      10 |  24.4
        D:3 |      99 |       4 |   3.9 |      18 |       1 |   5.3
        D:4 |     253 |       0 |   0.0 |      14 |       0 |   0.0
            +---------+---------+-------+---------+---------+-------
